 Dungeon Crawl Stone Soup version 0.31.0-32-g396128a36d (webtiles) character file.

Game seed: 17651813062879755938

2206 riffraff the Cleaver (level 9, -5/78 HPs)
             Began as a Hill Orc Fighter on Mar 16, 2024.
             Was a Priest of Qazlal.
             Slain by a +3 falchion of chaos (12 damage)
             ... on level 8 of the Dungeon.
             The game lasted 00:07:41 (5371 turns).

riffraff the Cleaver (Hill Orc Fighter)             Turns: 5371, Time: 00:07:42

Health: -5/78      AC: 12    Str: 23    XL:     9   Next: 34%
Magic:  9/9        EV: 10    Int:  8    God:    Qazlal [***...]
Gold:   325        SH: 14    Dex: 10    Spells: 8/8 levels left

rFire   + . .        w - +2 hand axe (heavy)
rCold   . . .        c - +1 buckler
rNeg    . . .        b - +0 scale mail
rPois   .            (no helmet)
rElec   .            (no cloak)
rCorr   .            (no gloves)
SInv    .            i - +0 pair of boots
Will    .....        r - amulet of reflection Stlth
                     l - ring of protection from fire
HPRegen 0.33/turn    t - +4 ring of protection
MPRegen 0.11/turn

%: reflection
@: mighty, hasted, very quick
A: no striking features
a: Renounce Religion, Upheaval, Elemental Force


You were on level 8 of the Dungeon.
You worshipped Qazlal.
Qazlal was most pleased with you.
You visited 1 branch of the dungeon, and saw 8 of its levels.

You collected 325 gold pieces.

Inventory:

Hand Weapons
 a - a +0 war axe
 w - a +2 heavy hand axe (weapon)
 x - a +1 flail of holy wrath
Missiles
 g - 3 javelins
 A - 15 poisoned darts (quivered)
Armour
 b - a +0 scale mail (worn)
 c - a +1 buckler (worn)
 i - a +0 pair of boots (worn)
Jewellery
 l - a ring of protection from fire (left hand)
 r - an amulet of reflection (around neck)
 t - a +4 ring of protection (right hand)
 B - a ring of protection from cold
Scrolls
 h - 3 scrolls of blinking
 j - a scroll of vulnerability
 m - 2 scrolls of poison
 n - 4 scrolls of teleportation
 o - a scroll of enchant armour
 s - 4 scrolls of amnesia
 y - a scroll of torment {unknown}
 z - a scroll of fear {unknown}
Potions
 d - a potion of might
 e - 3 potions of haste
 f - 8 potions of curing
 k - 2 potions of attraction
 p - a potion of brilliance
 q - a potion of mutation
 u - a potion of lignification
 v - a potion of cancellation


   Skills:
 + Level 6.8 Fighting
 + Level 11.0 Axes
 + Level 6.0 Armour
 + Level 2.0 Dodging
 + Level 6.5 Shields


You had 8 spell levels left.
You didn't know any spells.
Your spell library contained the following spells:

 Spells                   Type           Power      Damage    Failure   Level
 Magic Dart               Conj           0%         1d3       77%         1
 Shock                    Conj/Air       0%         1d3       77%         1
 Slow                     Hex            0%         N/A       77%         1
 Blink                    Tloc           0%         N/A       88%         2
 Call Imp                 Summ           0%         N/A       88%         2
 Ensorcelled Hibernation  Hex/Ice        0%         N/A       88%         2
 Sublimation of Blood     Necr           0%         N/A       88%         2
 Confusing Touch          Hex            0%         N/A       98%         3
 Inner Flame              Hex/Fire       0%         N/A       98%         3
 Passwall                 Erth           0%         N/A       98%         3
 Sigil of Binding         Hex            0%         N/A       98%         3
 Stone Arrow              Conj/Erth      0%         3d7       98%         3
 Swiftness                Air            0%         N/A       98%         3
 Vampiric Draining        Necr           0%         2d6       98%         3
 Airstrike                Air            0%         2d(0-16)  100%        4
 Animate Armour           Summ/Erth      0%         N/A       100%        4
 Manifold Assault         Tloc           0%         N/A       100%        4
 Irradiate                Conj/Alch      0%         3d11      100%        5
 Dispersal                Tloc           0%         N/A       100%        6
 Summon Hydra             Summ           0%         N/A       100%        7
 Disjunction              Tloc           0%         N/A       100%        8
 Ignition                 Fire           0%         3d3       100%        8
 Lehudib's Crystal Spear  Conj/Erth      0%         10d2      100%        8


Dungeon Overview and Level Annotations

Branches:
Dungeon (8/15)             Temple (0/1) D:5
   Lair: D:8-11

Altars:
Elyvilon
Gozag
Hepliaklqana
Qazlal
Sif Muna
Wu Jian
Xom
The Shining One

Annotations:
D:4 1 runed translucent door, Crazy Yiuf
D:8 Beaer's ghost, novice TrFi


Message History

Okay, then.
Okay, then.
You feel very mighty all of a sudden.
The +3 falchion of chaos completely misses you.
The +3 falchion of chaos hits you but does no damage.
You are poisoned.
You barely miss the +3 falchion of chaos.
You feel very sick.
You block the +3 falchion of chaos's attack.
You hit the +3 falchion of chaos but do no damage.
You feel very sick.
The +3 falchion of chaos hits you but does no damage.
The +3 falchion of chaos barely misses you.
The +3 falchion of chaos hits you! The +3 falchion of chaos burns you.
You hit the +3 falchion of chaos.
The +3 falchion of chaos is moderately damaged.
You feel sick.
You block the +3 falchion of chaos's attack.
You miss the +3 falchion of chaos.
The +3 falchion of chaos is moderately damaged.
You feel sick. The +3 falchion of chaos hits you!
The +3 falchion of chaos draws strength from your wounds!
The +3 falchion of chaos hits you but does no damage.
You feel mightier all of a sudden.
You miss the +3 falchion of chaos.
You feel sick.
The +3 falchion of chaos hits you but does no damage.
The +3 falchion of chaos hits you!
You are more poisoned.
You closely miss the +3 falchion of chaos.
You feel very sick. The +3 falchion of chaos hits you.
The +3 falchion of chaos freezes you. The +3 falchion of chaos hits you!
* * * LOW HITPOINT WARNING * * *
The +3 falchion of chaos freezes you.
* * * LOW HITPOINT WARNING * * *
Beaer's ghost screams, "Zot is a myth, the ORB is a fable, you'll soon be a tale!"
You feel better. The +3 falchion of chaos hits you.
You are electrocuted!
* * * LOW HITPOINT WARNING * * *
You feel yourself speed up. The +3 falchion of chaos hits you!
You die...

##. ###. #... #.##
#####.#
###########.....##
###.....#...........
#.....#..#######.#..
#..@..##.#.....#.)..
###(####.#.#.#.#.##.
#)W.# #...#.#...##.
##.## #.#.#.#.#....
### #.#.....#....
#.#######....
#........#...
#.......#.#...
#.##.##.#.####


You could see a +3 falchion of chaos and Beaer's ghost.

Vanquished Creatures
  A steam dragon (D:7)
  2 ice beasts (D:6)
  An ogre (D:4)
  3 black bears
  3 sky beasts
  3 centaurs
  2 phantoms (D:6)
  3 scorpions (D:6)
  A gnoll sergeant (D:8)
  A bombardier beetle (D:5)
  A hound (D:3)
  A jelly (D:6)
  2 orc priests
  3 iguanas
  4 orc wizards
  4 gnolls (D:6)
  3 adders
  4 white imps
  4 ufetubi (D:5)
  4 dart slugs
  22 orcs
  A bat (D:2)
  5 endoplasms
  2 giant cockroaches (D:1)
  9 goblins
  17 hobgoblins
  3 jackals (D:1)
  12 kobolds
  5 quokkas
  10 ball pythons
  A frilled lizard (D:1)
  4 rats
  A butterfly (D:5)
142 creatures vanquished.

Vanquished Creatures (others)
  A bombardier beetle (D:5)
  An orc wizard (D:7)
2 creatures vanquished.

Grand Total: 144 creatures vanquished

Notes
Turn   | Place    | Note
-------+----------+-------------------------------------------
     0 | D:1      | riffraff the Hill Orc Fighter began the quest for the Orb.
     0 | D:1      | Reached XP level 1. HP: 19/19 MP: 1/1
   230 | D:1      | Reached XP level 2. HP: 26/27 MP: 2/2
   355 | D:1      | Reached skill level 3 in Axes
   441 | D:1      | Reached XP level 3. HP: 29/33 MP: 3/3
   989 | D:2      | Found a faded altar of an unknown god.
  1003 | D:2      | Prayed at the altar of an unknown god.
  1003 | D:2      | Became a worshipper of Qazlal Stormbringer
  1003 | D:2      | Reached * piety under Qazlal
  1422 | D:3      | Reached XP level 4. HP: 36/41 MP: 4/4
  1432 | D:3      | Reached skill level 4 in Axes
  1514 | D:3      | Found a shimmering blue altar of Sif Muna.
  1514 | D:3      | Found a hazy altar of Hepliaklqana.
  1514 | D:3      | Found a glowing golden altar of the Shining One.
  1810 | D:4      | Reached XP level 5. HP: 36/47 MP: 5/5
  2118 | D:4      | Reached skill level 5 in Axes
  2240 | D:4      | Noticed an ogre
  2248 | D:4      | Killed an ogre
  2249 | D:4      | Reached XP level 6. HP: 36/55 MP: 6/6
  2539 | D:4      | Found a runed translucent door.
  2540 | D:4      | Noticed Crazy Yiuf
  2556 | D:5      | Entered Level 5 of the Dungeon
  2579 | D:5      | Reached skill level 5 in Fighting
  2579 | D:5      | Reached skill level 6 in Axes
  2814 | D:5      | Found a white marble altar of Elyvilon.
  2929 | D:5      | Found a staircase to the Ecumenical Temple.
  2956 | D:5      | Noticed a black bear
  2962 | D:5      | Killed a black bear
  2963 | D:5      | Reached skill level 1 in Dodging
  2963 | D:5      | Reached XP level 7. HP: 42/61 MP: 7/7
  3031 | D:5      | Reached ** piety under Qazlal
  3057 | D:5      | Found a stormy altar of Qazlal.
  3144 | D:5      | Reached skill level 7 in Axes
  3450 | D:6      | Reached skill level 5 in Armour
  3485 | D:6      | Reached skill level 8 in Axes
  3485 | D:6      | Reached skill level 5 in Shields
  3574 | D:6      | Reached XP level 8. HP: 67/69 MP: 8/8
  3629 | D:6      | Reached skill level 9 in Axes
  4360 | D:7      | Reached skill level 10 in Axes
  4441 | D:7      | Reached XP level 9. HP: 53/75 MP: 9/9
  4716 | D:7      | Found an opulent altar of Gozag.
  4864 | D:7      | Found an ornate altar of the Wu Jian Council.
  5319 | D:8      | Reached *** piety under Qazlal
  5320 | D:8      | Reached skill level 11 in Axes
  5355 | D:8      | Found a runed translucent door.
  5356 | D:8      | Found a shimmering altar of Xom.
  5356 | D:8      | Noticed Beaer's ghost (novice TrFi)
  5356 | D:8      | Noticed a +3 falchion of chaos
  5371 | D:8      | Slain by a +3 falchion of chaos

Illustrated notes

Levels and vault maps discovered:
D:1:      elethiomel_arrival_shortcut, layout_rooms, nrook_mini_vaults
D:2:      layout_loops_ring, basic_ecumenical_altar, grunt_ministairs_4
D:3:      layout_rooms, gammafunk_temple_overflow_forgotten,
          minmay_goblin_kobold_house
D:4:      layout_rooms, uniq_crazy_yiuf_cottage
D:5:      layout_basic, elyvilon_altar_4, nicolae_qazlal_eye_of_the_storm,
          minmay_temple_entry_butterflies
D:6:      corexii_shantytown, layout_loops_ring
D:7:      layout_loops_ring, old_standard_altar,
          nicolae_wu_jian_immortal_techniques
D:8:      corexii_shack_village, layout_loops_cross,
          kennysheep_okawaru_gauntlet, serial_shops, shop, ebering_ghost_xom,
          minmay_checkerbox, uniq_maurice, uniq_grum, uniq_psyche

Skill      XL: |  1  2  3  4  5  6  7  8  9 |
---------------+----------------------------+-----
Fighting       | 4 5 6 |  6.8
Axes           | 3 4 5 6 8 10 11 | 11.0
Armour         | 4 5 6 |  6.0
Shields        | 4 5 6 |  6.5
Dodging        | 1 2 |  2.0

Action                     |  1- 3 |  4- 6 |  7- 9 || total
---------------------------+-------+-------+-------++-------
  Melee: War axe           |    93 |   101 |    64 ||   258
         Hand axe          |       |       |   138 ||   138
    Use: Potion            |       |     1 |     3 ||     4
         Scroll            |       |       |    14 ||    14
 Armour: Scale mail        |    72 |    72 |   133 ||   277
  Dodge: Dodged            |    49 |    39 |    55 ||   143
  Block: Buckler           |    21 |    52 |   109 ||   182
         Reflection        |       |     1 |     8 ||     9
